 Dungeon Crawl Stone Soup version 0.21-a0-401-g0b6bec4 (webtiles) character file.

262 Moop204 the Cudgeler (level 6, -1/39 HPs)
             Began as a Gargoyle Berserker on Oct 24, 2017.
             Was a Follower of Trog.
             Slain by Pikel
             ... wielding a +0 whip of freezing
              (3 damage)
             ... on level 4 of the Dungeon.
             The game lasted 00:33:19 (4644 turns).

Moop204 the Cudgeler (Gargoyle Berserker)           Turns: 4644, Time: 00:33:20

Health: -1/39      AC: 12    Str: 22    XL:     6   Next: 18%
Magic:  6/6        EV: 11    Int:  8    God:    Trog [*.....]
Gold:   126        SH:  0    Dex:  9    Spells: 5/5 levels left

rFire    . . .     SeeInvis .   w - +0 trident
rCold    . . .     Gourm    .   (no shield)
rNeg     + . .     Faith    +   m - +1 ring mail
rPois    ∞         Spirit   .   (no helmet)
rElec    +         Reflect  .   i - +0 cloak
rCorr    .         Harm     .   (no gloves)
MR       .....                  (no boots)
Stlth    +.........             B - amulet of faith
HPRegen  0.13/turn              (no ring)
MPRegen  0.10/turn              (no ring)

@: no status effects
A: negative energy resistance 1, electricity resistance, unbreathing,
petrification resistance, rot immunity, AC +4
a: Berserk, Burn Spellbooks, Renounce Religion


You were on level 4 of the Dungeon.
You worshipped Trog.
Trog was aware of your devotion.
You were hungry.

You visited 1 branch of the dungeon, and saw 4 of its levels.

You collected 126 gold pieces.

Inventory:

Hand Weapons
 a - a +0 mace
 b - a +0 mace
 d - a +0 mace
 k - a +4 dagger
 o - a +0 club
 p - a +0 long sword
 q - a +0 spear
 v - a +0 flail
 w - a +0 trident (weapon)
Missiles
 g - 108 arrows
 r - 7 needles of confusion
 u - 23 bolts
 y - 6 needles of sleeping
Armour
 i - a +0 cloak (worn)
 m - a +1 ring mail (worn)
Jewellery
 s - an uncursed amulet of faith
 A - an uncursed amulet of the gourmand
 B - an amulet of faith (around neck)
Scrolls
 e - 2 scrolls of enchant armour
 f - 3 scrolls of identify
 h - 2 scrolls of remove curse
 C - a scroll of teleportation {unknown}
Potions
 j - 2 potions of flight {unknown}
 n - a potion of magic {unknown}
 t - a potion of lignification {unknown}
 x - a potion of curing {unknown}
Comestibles
 c - 4 bread rations
 l - a royal jelly
 z - a meat ration


   Skills:
 + Level 4.5 Fighting
 + Level 4.7 Maces & Flails
 + Level 0.8 Polearms
 + Level 3.6 Armour
 + Level 2.2 Dodging
 + Level 0.9 Stealth


You had 5 spell levels left.
You didn't know any spells.

Dungeon Overview and Level Annotations

Branches:
Dungeon (4/15)
 Temple: D:4-7

Altars:
Trog

Annotations:
D:3 AmayaElls's ghost, amateur DrTm
D:4 Dowan; Pikel


Innate Abilities, Weirdness & Mutations

You are resistant to torment.
Your stone body is resilient. (AC +4)
You are immune to poison.
You resist negative energy. (rN+)
You are resistant to electric shocks. (rElec)
You can survive without breathing.
You are immune to petrification.
You are immune to rotting.


Message History

* * * LOW HITPOINT WARNING * * *
Pikel hits you but does no damage. Dowan closely misses you.
You miss Dowan. Dowan hits you but does no damage.
Pikel hits you but does no damage. Dowan hits you but does no damage.
Dowan barely misses you.
Dowan casts a spell.
Dowan blinks!
Found 11 poisoned needles.
Found a stone staircase leading down.
Dowan hits you but does no damage. Dowan closely misses you.
Dowan casts a spell.
Dowan blinks!
Dowan points at you and mumbles some strange words.
The shard of ice hits you!
* * * LOW HITPOINT WARNING * * *
There is an escape hatch in the ceiling here.
Pikel hits you with a whip of freezing.
* * * LOW HITPOINT WARNING * * *
Pikel freezes you.
You die...

.# ## .## .. ##..
##.. .. ###..# ##....
#..###....# ##....
#......>..# #...#
#.(.....#######.#.#
##.##@Kp.p..p)p..#
#...........p###<.##
...##.#...e......)..#
...#.##.#.....##.#
...# #.##.##.....#.#
.... #.......###.. .
... #.##.#..# ## ##
.. #.##....# .# .


You could see Pikel, 4 slaves and Dowan.

Vanquished Creatures
  Duvessa (D:4)
  An orc wizard (D:3)
  3 adders
  An ooze (D:3)
  4 dart slugs
  4 worms (D:2)
  2 leopard geckos
  9 orcs (D:3)
  12 bats
  11 goblins
  6 hobgoblins
  2 jackals (D:1)
  6 kobolds
  3 frilled lizards
  8 rats
73 creatures vanquished.

Notes
Turn   | Place    | Note
-------+----------+-------------------------------------------
     0 | D:1      | Moop204 the Gargoyle Berserker began the quest for the Orb.
     0 | D:1      | Reached XP level 1. HP: 14/14 MP: 1/1
    58 | D:1      | Reached XP level 2. HP: 8/19 MP: 2/2
   604 | D:1      | Reached XP level 3. HP: 9/24 MP: 3/3
  1638 | D:2      | Reached ** piety under Trog
  2111 | D:2      | Reached XP level 4. HP: 24/29 MP: 4/4
  2185 | D:2      | Noticed a moth of wrath
  2187 | D:2      | Found a bloodstained altar of Trog.
  2909 | D:3      | Reached XP level 5. HP: 32/33 MP: 5/5
  3087 | D:3      | Noticed AmayaElls's ghost (amateur DrTm)
  4599 | D:4      | Noticed a slave
  4599 | D:4      | Noticed a slave
  4599 | D:4      | Noticed a slave
  4599 | D:4      | Noticed Duvessa
  4601 | D:4      | Noticed Pikel
  4601 | D:4      | Noticed a slave
  4601 | D:4      | Noticed Dowan
  4621 | D:4      | Killed Duvessa
  4621 | D:4      | Reached XP level 6. HP: 20/39 MP: 6/6
  4644 | D:4      | Slain by Pikel

Vault maps used:
D:1:      dpeg_arrival_connections, due_unseen_surprise
D:2:      tgw_trog, first_bread
D:4:      uniq_robin, uniq_natasha, uniq_ijyb, uniq_pikel, uniq_duvessa

Skill      XL: |  1  2  3  4  5 |
---------------+----------------+-----
Fighting       | 4 |  4.5
Dodging        | 2 |  2.2
Maces & Flails | 4 |  4.7
Armour         | 3 |  3.6
Polearms       | |  0.8
Stealth        | |  0.9

Action                   |  1- 3 |  4- 6 || total
-------------------------+-------+-------++-------
Melee: Mace              |   131 |   126 ||   257
       Flail             |       |    30 ||    30
       Trident           |       |    38 ||    38
  Use: Scroll            |     3 |     1 ||     4
  Eat: Chunk             |     3 |     4 ||     7
       Bread ration      |       |     1 ||     1
Armor: Animal skin       |    54 |       ||    54
       Ring mail         |    18 |   118 ||   136
Dodge: Dodged            |    96 |   129 ||   225

Table legend:
 A = Spawn XP
 B = Non-spawn XP
 C = Spawn XP percentage of total XP
 D = Spawn monster count
 E = Non-spawn monster count
 F = Spawn count percentage of total count
 G = Total turns spent on level
                    A         B        C        D         E        F      G
               +---------+---------+-------+---------+---------+-------+---------
         Total |       0 |     375 |   0.0 |       0 |      73 |   0.0 |  4644
               +---------+---------+-------+---------+---------+-------+---------
           D:1 |       0 |      48 |   0.0 |       0 |      24 |   0.0 |  1149
           D:2 |       0 |      51 |   0.0 |       0 |      17 |   0.0 |  1993
           D:3 |       0 |     134 |   0.0 |       0 |      31 |   0.0 |  1457
           D:4 |       0 |     142 |   0.0 |       0 |       1 |   0.0 |    45
               +---------+---------+-------+---------+---------+-------+---------
